 Dungeon Crawl Stone Soup version 0.29-a0-323-g050149af67 (webtiles) character file.

Game seed: 17330539486119945455

106 GordonOverkill the Shooter (level 4, -5/40 HPs)
             Began as a Deep Elf Hunter on Apr 12, 2022.
             Slain by Crazy Yiuf
             ... wielding a +3 quarterstaff of chaos
              (7 damage)
             ... on level 2 of the Dungeon.
             The game lasted 00:04:45 (1600 turns).

GordonOverkill the Shooter (Deep Elf Hunter)        Turns: 1600, Time: 00:04:46

Health: -5/40      AC:  6    Str: 10    XL:     4   Next: 55%
Magic:  6/6        EV: 11    Int: 14    God:
Gold:   63         SH:  0    Dex: 18    Spells: 3/3 levels left

rFire   . . .      SeeInvis .   b - +1 dagger (venom)
rCold   . . .      Faith    .   (no shield)
rNeg    . . .      Spirit   .   e - +0 ring mail
rPois   .          Reflect  .   d - +0 helmet
rElec   .          Harm     .   (no cloak)
rCorr   .          Rampage  .   (no gloves)
Will    .....                   (no boots)
Stlth   ..........              (no amulet)
HPRegen 0.13/turn               (no ring)
MPRegen 0.10/turn               (no ring)

@: berserking (expiring), attractive, very quick
A: no striking features
a: no special abilities


You were on level 2 of the Dungeon.
You visited 1 branch of the dungeon, and saw 2 of its levels.

You collected 63 gold pieces.

Inventory:

Hand Weapons
 a - a +1 shortbow
 b - a +1 dagger of venom (weapon)
Armour
 d - a +0 helmet (worn)
 e - a +0 ring mail (worn)
Magical Staves
 h - a staff of fire
Scrolls
 c - a scroll of immolation
 l - 2 scrolls of magic mapping


   Skills:
 + Level 2.5 Fighting
 + Level 6.4 Bows
 + Level 1.7 Armour
 - Level 2.4 Dodging
 - Level 1.2 Stealth


You had 3 spell levels left.
You didn't know any spells.
Your spell library was empty.

Dungeon Overview and Level Annotations

Branches:
Dungeon (2/15)

Altars:

Annotations:
D:2 Crazy Yiuf


Message History

Crazy Yiuf hits you with a +3 quarterstaff of chaos!
* * * LOW HITPOINT WARNING * * *
You are lethally poisoned!
You are too injured to fight recklessly!
You are too injured to fight recklessly!
You are too injured to fight recklessly!
You are too injured to fight recklessly!
Okay, then.
You feel better.
Crazy Yiuf sings, "Trees, trees, trees, circus!"
Crazy Yiuf barely misses you. Crazy Yiuf attacks as you move away!
Crazy Yiuf hits you with a +3 quarterstaff of chaos!
* * * LOW HITPOINT WARNING * * *
Crazy Yiuf freezes you.
* * * LOW HITPOINT WARNING * * *
It was a potion of cancellation.
You feel magically purged. Crazy Yiuf closely misses you.
It was a potion of attraction.
You feel attractive to monsters. Crazy Yiuf closely misses you.
It was a potion of berserk rage.
A red film seems to cover your vision as you go berserk!
You feel yourself moving faster!
You feel mighty! Crazy Yiuf barely misses you.
Your +1 dagger of venom begins to drip with poison!
b - a +1 dagger of venom (weapon)
You feel a strong urge to attack something.
Crazy Yiuf closely misses you.
You hit Crazy Yiuf.
Crazy Yiuf is heavily wounded.
You barely miss Crazy Yiuf.
Crazy Yiuf is heavily wounded.
Crazy Yiuf hits you with a +3 quarterstaff of chaos!
* * * LOW HITPOINT WARNING * * *
Crazy Yiuf burns you.
* * * LOW HITPOINT WARNING * * *
You hit Crazy Yiuf.
Crazy Yiuf is heavily wounded.
Crazy Yiuf hits you with a +3 quarterstaff of chaos!
You die...

...........# #.# #...#....####
####.###...# ### ########...##
...).......# ###..# ..........##
##.# ..........##### **### ####..
########......## ###..)# #.....
########.......####.'...# ##.....
................#g.##...# #......
.....)..#.#....#@###**### ##.....
...........####### #.....>
........#.## #.#...# ...........#
##############..##.# ........#.##
#........(..###..#.. ........#.#
#...........# #.....
..........####...........####.#..
........#...###..........#.......
#########.#.####...........####รท.


You could see Crazy Yiuf.

Vanquished Creatures
  Robin (D:2)
  3 gnolls (D:2)
  5 ball pythons
  9 endoplasms
  A giant cockroach (D:2)
  9 goblins (D:2)
  7 hobgoblins
  6 jackals
  4 kobolds
  A quokka (D:1)
  5 bats
  A frilled lizard (D:1)
  3 rats (D:1)
55 creatures vanquished.

Notes
Turn   | Place    | Note
-------+----------+-------------------------------------------
     0 | D:1      | GordonOverkill the Deep Elf Hunter began the quest for the
                  | Orb.
     0 | D:1      | Reached XP level 1. HP: 12/12 MP: 3/3
   132 | D:1      | Reached XP level 2. HP: 14/17 MP: 4/4
   579 | D:1      | Reached skill level 1 in Armour
   588 | D:1      | Found a faded altar of an unknown god.
   895 | D:2      | Reached XP level 3. HP: 21/21 MP: 5/5
   926 | D:2      | Noticed Robin
   933 | D:2      | Killed Robin
   934 | D:2      | Reached skill level 6 in Bows
  1214 | D:2      | Reached XP level 4. HP: 27/27 MP: 6/6
  1391 | D:2      | Found a runed translucent door.
  1392 | D:2      | Noticed Crazy Yiuf
  1599 | D:2      | HP: 1/40 [Crazy Yiuf/+3 quarterstaff of chaos (3)]
  1600 | D:2      | Slain by Crazy Yiuf

Illustrated notes

Levels and vault maps discovered:
D:1:      onia_arrival_handbag, layout_basic,
          shapermc_ecumenical_altar_mp_highgroup
D:2:      layout_rooms, uniq_crazy_yiuf_cottage, uniq_robin

Skill      XL: |  1  2  3 |
---------------+----------+-----
Fighting       | 2 |  2.5
Armour         | 1 |  1.7
Bows           | 6 |  6.4
Dodging        | |  2.4
Stealth        | |  1.2

Action                   |  1- 3 |  4- 6 || total
-------------------------+-------+-------++-------
Melee: Dagger            |       |     3 ||     3
 Fire: Shortbow          |    88 |    27 ||   115
  Use: Scroll            |     3 |     1 ||     4
       Potion            |       |     4 ||     4
Armor: Ring mail         |    16 |       ||    16
Dodge: Dodged            |    10 |     5 ||    15

Table legend: (Time is in decaauts)
 A = Elapsed time spent in this place.
 B = Non-inter-level travel time spent in this place.
 C = Inter-level travel time spent in this place.
 D = Time resting spent in this place.
 E = Time spent auto-exploring this place.
 F = Levels seen in this place.
 G = Mean time per level.
                   A        B        C        D        E       F      G
               +--------+--------+--------+--------+--------+-----+--------+
         Total |   1641 |   1496 |    145 |    368 |    733 |   2 |  820.5 |
       Dungeon |   1641 |   1496 |    145 |    368 |    733 |   2 |  820.5 |
               +--------+--------+--------+--------+--------+-----+--------+

Top non-repeatable levels by time:
     D:1: 852 daAuts
     D:2: 789 daAuts
